Map: Apotheosis LE

Players

NORTHAMERICA

  • Race: Protoss Protoss
  • League: Master

MoonSuch - Winner!

  • Race: Protoss Protoss
  • League: Master

VOD

Have the link to the VOD?

Description

Time

  • Played on: July 19, 2016, 1:26 a.m.
  • Length: 17:55
Show
View Real Time Build Order
Export as new Build Order

NORTHAMERICA Protoss 

Build Orders:  

Get SALT Encoding   

  12  0:01  Probe (Chrono Boost)  
  13  0:11  Probe (Chrono Boost)  
  14  0:18  Pylon  
  14  0:22  Probe (Chrono Boost)  
  15  0:36  Gateway  
  15  0:38  Probe (Chrono Boost)  
  16  0:48  Probe (Chrono Boost)  
  16  0:49  Assimilator  
  17  0:53  Assimilator  
  17  0:59  Probe (Chrono Boost)  
  18  1:09  Probe (Chrono Boost), Gateway  
  19  1:20  Probe (Chrono Boost)  
  19  1:25  Cybernetics Core  
  20  1:30  Probe (Chrono Boost)  
  21  1:38  Pylon  
  21  1:41  Probe (Chrono Boost)  
  22  1:51  Probe (Chrono Boost)  
  23  1:59  Warp Gate  
  23  2:01  Stalker x2  
  27  2:12  Mothership Core (Chrono Boost)  
  29  2:18  Pylon  
  29  2:33  Stalker  
  29  2:35  Stalker  
  33  2:59  Nexus  
  33  3:10  Pylon  
  33  3:11  Sentry  
  35  3:13  Probe (Chrono Boost)  
  36  3:23  Probe (Chrono Boost)  
  37  3:27  Twilight Council  
  37  3:30  Sentry  
  40  3:34  Probe (Chrono Boost)  
  40  3:45  Robotics Facility  
  40  3:51  Probe (Chrono Boost)  
  41  4:00  Blink  
  41  4:01  Probe (Chrono Boost)  
  42  4:12  Probe (Chrono Boost)  
  42  4:14  Probe (Chrono Boost)  
  44  4:23  Probe (Chrono Boost)  
  45  4:25  Probe (Chrono Boost)  
  45  4:30  Observer  
  46  4:35  Probe (Chrono Boost)  
  46  4:37  Probe (Chrono Boost)  
  49  4:43  Gateway  
  50  4:46  Probe (Chrono Boost)  
  50  4:49  Probe (Chrono Boost)  
  50  4:50  Stalker, Pylon  
  53  4:58  Probe (Chrono Boost), Immortal  
  55  5:00  Probe (Chrono Boost)  
  59  5:10  Probe (Chrono Boost)  
  60  5:16  Probe (Chrono Boost)  
  61  5:21  Nexus  
  61  5:25  Pylon  
  61  5:32  Probe x2 (Chrono Boost)  
  61  5:34  Observer  
  63  5:39  Gateway  
  63  5:40  Gateway  
  66  5:44  Probe x2 (Chrono Boost)  
  66  5:49  Pylon  
  66  5:50  Immortal  
  66  5:55  Probe (Chrono Boost)  
  71  6:11  Stalker x3  
  71  6:13  Probe (Chrono Boost)  
  78  6:25  Probe (Chrono Boost)  
  78  6:28  Probe (Chrono Boost), Assimilator  
  78  6:29  Assimilator  
  78  6:31  Forge  
  79  6:32  Gateway  
  79  6:33  Probe (Chrono Boost), Pylon  
  79  6:35  Probe (Chrono Boost)  
  79  6:38  Immortal  
  82  6:40  Probe (Chrono Boost)  
  86  6:49  Probe (Chrono Boost)  
  86  6:51  Protoss Ground Weapons Level 1  
  87  6:55  Robotics Bay  
  87  6:59  Probe (Chrono Boost)  
  87  7:00  Probe (Chrono Boost), Robotics Facility  
  89  7:01  Assimilator  
  89  7:05  Pylon  
  89  7:13  Probe (Chrono Boost)  
  89  7:15  Assimilator  
  90  7:17  Photon Cannon  
  90  7:20  Photon Cannon  
  90  7:21  Photon Cannon  
  90  7:25  Probe (Chrono Boost)  
  90  7:26  Probe (Chrono Boost)  
  92  7:31  Probe (Chrono Boost)  
  93  7:39  Gateway  
  93  7:40  Pylon, Gateway  
  93  7:43  Disruptor  
  93  7:46  Disruptor  
  93  7:51  Probe (Chrono Boost)  
  101  7:53  Probe (Chrono Boost)  
  101  7:54  Photon Cannon  
  101  7:56  Pylon  
  101  8:18  Stargate  
  101  8:19  Disruptor  
  103  8:20  Adept x2  
  103  8:21  Adept  
  103  8:22  Disruptor  
  109  8:31  Stalker x2  
  117  8:35  Probe (Chrono Boost), Protoss Ground Weapons Level 2  
  118  8:48  Probe (Chrono Boost)  
  118  8:53  Pylon x2  
  118  8:55  Disruptor  
  121  8:56  Stalker x2  
  121  8:58  Oracle  
  124  9:03  Disruptor  
  131  9:17  Probe (Chrono Boost)  
  131  9:20  Probe (Chrono Boost)  
  132  9:25  Stalker x3  
  132  9:26  Stalker x4  
  132  9:30  Disruptor  
  149  9:34  Nexus  
  149  9:37  Pylon x2  
  147  9:52  Oracle, Disruptor  
  147  9:53  Photon Cannon  
  147  9:56  Photon Cannon  
  147  9:57  Photon Cannon  
  153  10:01  Photon Cannon  
  153  10:02  Disruptor, Photon Cannon  
  153  10:06  Photon Cannon  
  156  10:15  Stalker  
  156  10:16  Stalker x2  
  162  10:23  Disruptor  
  165  10:40  Disruptor  
  165  10:49  Pylon x2  
  168  10:51  Pylon  
  168  10:52  Pylon  
  168  10:56  Disruptor  
  166  10:57  Stalker x2  
  166  10:58  Stalker x4  
  166  10:59  Stalker  
  160  11:11  Disruptor  
  119  11:33  Nexus  
  119  11:35  Stalker x4  
  119  11:36  Stalker x2  
  128  11:44  Probe x3 (Chrono Boost), Disruptor  
  131  12:05  Zealot  
  133  12:08  Oracle  
  136  12:17  Stalker x4  
  136  12:18  Stalker  
  136  12:22  Stalker  
  148  12:25  Assimilator  
  148  12:31  Assimilator  
  145  12:40  Disruptor  
  145  12:52  Disruptor  
  148  13:00  Stalker x2  
  150  13:08  Probe (Chrono Boost)  
  148  13:23  Probe (Chrono Boost), Stalker x2  
  148  13:24  Stalker x4, Photon Cannon  
  148  13:25  Observer, Photon Cannon  
  161  13:31  Oracle  
  160  13:43  Probe x2 (Chrono Boost)  
  162  13:48  Zealot x3  
  168  13:55  Stalker x2  
  168  13:57  Disruptor  
  168  14:00  Zealot  
  173  14:13  Disruptor  
  165  14:28  Disruptor  
  159  14:33  Stalker x2  
  159  14:34  Stalker x3  
  160  14:49  Disruptor  
  128  15:03  Stalker x4  
  128  15:04  Stalker  
  130  15:09  Observer  
  131  15:26  Disruptor x2  
  137  15:46  Nexus  
  137  15:47  Stalker x2  
  137  15:48  Pylon  
  141  15:54  Mothership Core (Chrono Boost)  
  143  16:08  Disruptor  
  143  16:09  Photon Cannon  
  136  16:33  Stalker x2  
  136  16:34  Stalker x5  
  136  16:38  Probe (Chrono Boost)  
  148  16:52  Disruptor  
  151  17:02  Probe (Chrono Boost)  
  151  17:03  Disruptor  
  151  17:06  Zealot  
  157  17:17  Assimilator  
  157  17:21  Assimilator  
Show
View Real Time Build Order
Export as new Build Order

MoonSuch Protoss - Winner!

Build Orders: Blink Stalkers 

Get SALT Encoding   

  12  0:01  Probe (Chrono Boost)  
  13  0:11  Probe (Chrono Boost)  
  14  0:18  Pylon  
  14  0:22  Probe (Chrono Boost)  
  15  0:36  Probe (Chrono Boost)  
  15  0:39  Gateway  
  15  0:41  Assimilator  
  16  0:46  Probe (Chrono Boost)  
  17  0:57  Probe (Chrono Boost)  
  17  0:58  Assimilator  
  18  1:08  Probe (Chrono Boost)  
  20  1:18  Probe (Chrono Boost)  
  20  1:24  Gateway  
  20  1:28  Cybernetics Core  
  20  1:29  Probe (Chrono Boost)  
  21  1:37  Pylon  
  21  1:39  Probe (Chrono Boost)  
  22  1:50  Probe (Chrono Boost)  
  23  2:04  Mothership Core (Chrono Boost)  
  23  2:05  Warp Gate  
  25  2:13  Stalker x2  
  29  2:17  Pylon  
  29  2:43  Nexus  
  28  2:55  Twilight Council  
  28  3:01  Stalker  
  30  3:08  Stalker  
  32  3:18  Probe (Chrono Boost)  
  33  3:25  Blink  
  33  3:27  Robotics Facility  
  33  3:30  Probe (Chrono Boost)  
  34  3:47  Probe (Chrono Boost)  
  35  4:00  Probe (Chrono Boost), Gateway  
  35  4:02  Probe (Chrono Boost)  
  37  4:13  Probe (Chrono Boost)  
  37  4:14  Probe (Chrono Boost), Observer  
  37  4:15  Stalker  
  42  4:18  Stalker  
  45  4:24  Probe (Chrono Boost)  
  45  4:26  Probe (Chrono Boost)  
  45  4:29  Pylon  
  46  4:35  Probe (Chrono Boost), Assimilator  
  48  4:38  Probe (Chrono Boost)  
  48  4:40  Observer  
  49  4:47  Dark Shrine  
  49  4:49  Probe (Chrono Boost)  
  49  4:51  Probe (Chrono Boost)  
  51  4:53  Assimilator  
  51  5:01  Warp Prism  
  51  5:04  Probe x2 (Chrono Boost)  
  55  5:12  Pylon  
  55  5:16  Stalker  
  55  5:18  Stalker  
  55  5:21  Probe x2 (Chrono Boost)  
  61  5:31  Probe (Chrono Boost)  
  61  5:33  Probe (Chrono Boost)  
  63  5:40  Stalker x2  
  63  5:41  Stalker  
  69  5:46  Probe (Chrono Boost)  
  69  5:47  Pylon  
  70  5:52  Pylon  
  70  6:06  Probe (Chrono Boost)  
  70  6:07  Nexus  
  70  6:18  Robotics Bay  
  70  6:19  Probe (Chrono Boost)  
  70  6:20  Probe (Chrono Boost)  
  70  6:30  Warp Prism  
  70  6:31  Pylon  
  73  6:33  Probe (Chrono Boost)  
  73  6:35  Probe (Chrono Boost)  
  73  6:36  Charge  
  73  6:38  Dark Templar  
  76  6:45  Probe (Chrono Boost), Forge  
  78  6:54  Probe (Chrono Boost)  
  78  6:57  Probe (Chrono Boost)  
  78  7:00  Robotics Facility  
  80  7:08  Probe (Chrono Boost)  
  80  7:10  Probe (Chrono Boost)  
  81  7:20  Probe x2 (Chrono Boost)  
  81  7:21  Disruptor  
  81  7:22  Probe (Chrono Boost)  
  87  7:24  Gravitic Drive  
  87  7:30  Probe x2 (Chrono Boost)  
  87  7:31  Assimilator, Protoss Ground Weapons Level 1  
  87  7:34  Probe (Chrono Boost), Assimilator  
  90  7:41  Probe x2 (Chrono Boost)  
  90  7:43  Nexus  
  92  7:45  Stalker x2  
  96  7:51  Assimilator  
  96  7:54  Disruptor  
  96  7:57  Disruptor, Adept  
  104  8:04  Gateway  
  104  8:05  Gateway  
  104  8:08  Adept x2  
  108  8:25  Pylon  
  102  8:27  Pylon  
  102  8:30  Disruptor, Pylon  
  102  8:33  Disruptor, Gateway  
  108  8:34  Pylon  
  106  8:42  Probe x2 (Chrono Boost)  
  106  8:43  Probe (Chrono Boost), Dark Templar  
  111  8:51  Pylon  
  111  8:52  Protoss Air Weapons Level 1, Assimilator  
  111  8:57  Assimilator  
  111  9:01  Stargate  
  111  9:02  Stargate  
  111  9:04  Probe x2 (Chrono Boost), Pylon  
  111  9:05  Probe (Chrono Boost), Pylon  
  111  9:07  Pylon  
  114  9:10  Photon Cannon  
  114  9:13  Photon Cannon  
  114  9:14  Photon Cannon  
  113  9:17  Probe (Chrono Boost)  
  113  9:23  Photon Cannon  
  112  9:32  Probe x2 (Chrono Boost)  
  112  9:34  Probe (Chrono Boost)  
  115  9:42  Photon Cannon  
  115  9:47  Nexus  
  115  9:48  Disruptor x2, Oracle x2  
  115  9:49  Pylon  
  127  9:54  Protoss Ground Weapons Level 2  
  127  9:59  Photon Cannon  
  127  10:05  Fleet Beacon  
  127  10:22  Disruptor x2  
  130  10:30  Stalker x5  
  130  10:31  Stalker  
  134  10:51  Probe x3 (Chrono Boost)  
  129  11:01  Disruptor x2  
  129  11:02  Nexus  
  129  11:03  Probe x2 (Chrono Boost)  
  120  11:31  Probe x3 (Chrono Boost), Pylon  
  120  11:34  Disruptor  
  120  11:35  Disruptor  
  120  11:37  Stalker  
  120  11:38  Stalker x5  
  126  11:42  Stalker x5  
  126  11:43  Stalker  
  126  11:45  Tempest  
  141  11:47  Probe (Chrono Boost)  
  141  11:48  Probe x2 (Chrono Boost)  
  141  11:51  Tempest  
  141  11:53  Pylon  
  149  11:59  Probe (Chrono Boost)  
  149  12:00  Probe (Chrono Boost)  
  150  12:10  Stalker x5  
  150  12:14  Protoss Ground Weapons Level 3  
  160  12:18  Protoss Air Weapons Level 2  
  160  12:24  Photon Cannon  
  160  12:28  Assimilator  
  160  12:29  Pylon  
  149  12:58  Adept x2  
  149  12:59  Adept x2  
  149  13:01  Photon Cannon  
  149  13:04  Photon Cannon  
  149  13:05  Tempest, Probe (Chrono Boost)  
  161  13:06  Probe (Chrono Boost)  
  161  13:07  Probe x2 (Chrono Boost)  
  161  13:10  Tempest  
  169  13:14  Photon Cannon  
  169  13:20  Probe (Chrono Boost)  
  169  13:21  Probe (Chrono Boost)  
  169  13:22  Probe x2 (Chrono Boost)  
  169  13:23  Photon Cannon  
  173  13:35  Probe (Chrono Boost)  
  173  13:36  Probe x2 (Chrono Boost)  
  173  13:37  Probe (Chrono Boost)  
  177  13:46  Stargate x2  
  177  13:50  Stalker x2, Assimilator  
  177  13:51  Stalker  
  177  13:54  Disruptor x2, Assimilator  
  189  14:23  Zealot x2  
  189  14:24  Zealot x2  
  178  14:58  Disruptor x2  
  161  15:01  Stalker x4  
  161  15:02  Stalker x2  
  161  15:09  Tempest  
  152  15:15  Tempest x3  
  160  15:34  Pylon  
  160  15:35  Pylon  
  160  15:36  Stalker x2  
  160  15:37  Stalker x3, Photon Cannon  
  160  15:38  Stalker  
  164  15:57  Disruptor x2  
  158  16:35  Nexus  
  158  16:38  Pylon  
  158  16:41  Assimilator  
  158  16:42  Assimilator  
  154  16:48  Stalker x5  
  154  16:49  Stalker  
  162  16:57  Disruptor x2  
  162  17:03  Nexus, Gateway  
  162  17:05  Gateway  
  162  17:06  Gateway  
  162  17:08  Pylon  
  168  17:09  Gateway  
  168  17:11  Pylon, Gateway  
  168  17:14  Gateway  
Tags
 
Add a new tag
Caveats
  • Supply blocks, unpowered buildings, or Contaminate may cause inaccurate times.
  • Supply counts are checked every 10 seconds.